 Dungeon Crawl Stone Soup version 0.31-a0-237-g2d982f9f85 (webtiles) character file.

Game seed: 15939853509233330403

438 qw the Shooter (level 6, -1/52 HPs)
             Began as a Minotaur Hexslinger on July 10, 2023.
             Slain by an orc
             ... wielding a +0 hand axe
              (4 damage)
             ... on level 5 of the Dungeon.
             The game lasted 00:01:15 (2730 turns).

qw the Shooter (Minotaur Hexslinger)                Turns: 2730, Time: 00:01:16

Health: -1/52      AC:  7    Str: 19    XL:     6   Next: 69%
Magic:  6/6        EV: 11    Int: 10    God:
Gold:   184        SH:  0    Dex: 14    Spells: 6/7 levels left

rFire   . . .        Y - +1 sling (freeze)
rCold   . . .        (no shield)
rNeg    . . .        e - +0 ring mail
rPois   .            (helmet restricted)
rElec   .            (no cloak)
rCorr   .            (no gloves)
SInv    .            d - +1 pair of boots
Will    .....        (no amulet)
Stlth   +            g - +6 ring of strength
HPRegen 0.28/turn    (no ring)
MPRegen 0.10/turn

%: no passive effects
@: no status effects
A: horns 2, retaliatory headbutt
a: no special abilities


You were on level 5 of the Dungeon.
You visited 1 branch of the dungeon, and saw 5 of its levels.

You collected 184 gold pieces.


Innate Abilities, Weirdness & Mutations

You have a pair of horns on your head.
You reflexively headbutt those who attack you in melee.


   Skills:
 - Level 4.0 Fighting
 + Level 6.9 Ranged Weapons
 - Level 1.3 Armour
 - Level 2.1 Dodging
 - Level 1.0 Spellcasting
 - Level 2.0 Hexes


You had 6 spell levels left.
You knew the following spells:

 Your Spells              Type           Power      Damage    Failure   Level
a - Slow                  Hex            16%        N/A       26%         1

Your spell library contained the following spells:

 Spells                   Type           Power      Damage    Failure   Level
 Inner Flame              Hex/Fire       2%         N/A       75%         3
 Portal Projectile        Hex/Tloc       4%         N/A       75%         3
 Cause Fear               Hex            2%         N/A       95%         4

Inventory:

Hand Weapons
 Y - a +1 sling of freezing (weapon)
Armour
 d - a +1 pair of boots (worn)
 e - a +0 ring mail (worn)
Jewellery
 c - a ring of ice
 g - a +6 ring of strength (left hand)
 h - a ring of ice
Scrolls
 a - a scroll of identify
Potions
 b - 2 potions of might
 f - a potion of curing
 i - 2 potions of enlightenment
 j - a potion of mutation
 k - 3 potions of haste

Dungeon Overview and Level Annotations

Branches:
Dungeon (5/15)
 Temple: D:4-7

Altars:

Annotations:
D:2 exclusion: gnoll


Message History

You furiously retaliate!
You headbutt the orc priest! You shoot a sling bullet.
The sling bullet hits the bullfrog.
The bullfrog seems to slow down.
The sling bullet freezes the bullfrog.
You kill the bullfrog!
The orc priest hits you with a +0 mace.
An orc comes into view. It is wielding a +0 mace.
A magic dart appears from out of thin air!
The magic dart hits you. The orc hits you but does no damage.
The orc priest hits you but does no damage.
You shoot a sling bullet.
The sling bullet closely misses the orc priest.
The orc shouts!
You hear a shout!
The orc priest looks encouraged for a moment.
A puff of flame appears from out of thin air!
The puff of flame misses you.
An orc wizard comes into view. It is wielding a +0 dagger.
The orc closely misses you.
The orc priest hits you with a +0 short sword.
You shoot a sling bullet. The orc wizard shouts!
The sling bullet hits the orc priest.
The sling bullet freezes the orc priest.
You kill the orc priest!
The orc priest mumbles some strange prayers to Beogh against you.
You barely resist.
The orc wizard points at you and mumbles some strange words.
The puff of flame hits something!
The orc barely misses you.
You shoot a sling bullet. The sling bullet hits the orc priest.
The sling bullet freezes the orc priest.
The orc priest is heavily wounded.
The orc priest hits you with a +0 short sword.
The orc hits you with a +0 hand axe.
You shoot a sling bullet. The sling bullet hits the orc priest.
The sling bullet freezes the orc priest.
You kill the orc priest!
The orc closely misses you. You furiously retaliate!
You headbutt the orc.
An orc comes into view. It is wielding a +0 falchion.
The orc hits you with a +0 hand axe.
You die...

........ ..o....
......... .......
......... ....o#
...#....#......#
........#......##
#....... ......#
#..o.##....#
#...@)<..#
#.....)..##
......$......#
.##.#.......## #
##.......#
##........
##..[..##.
##.....


You could see 2 orcs.

Vanquished Creatures
  A bullfrog (D:5)
  2 scorpions (D:4)
  2 hounds (D:4)
  2 orc priests (D:5)
  An iguana (D:3)
  2 gnolls
  4 adders
  2 worms
  A dart slug (D:4)
  10 orcs
  4 bats
  8 endoplasms
  2 giant cockroaches (D:3)
  A goblin (D:4)
  5 hobgoblins
  4 jackals (D:2)
  5 quokkas
  10 ball pythons
  4 frilled lizards
  8 kobolds
  4 rats
82 creatures vanquished.

Notes
Turn   | Place    | Note
-------+----------+-------------------------------------------
     0 | D:1      | qw the Minotaur Hexslinger began the quest for the Orb.
     0 | D:1      | Reached XP level 1. HP: 16/16 MP: 1/1
     0 | D:1      | 0 ||| qw: Version: 0.3-a-52-g30416fa
     0 | D:1      | 0 ||| qw: Game counter: 5045
     0 | D:1      | 0 ||| qw: Melee chars always use a shield: true
     0 | D:1      | 0 ||| qw: God list: Okawaru
     0 | D:1      | 0 ||| qw: Allow faded altars: false
     0 | D:1      | 0 ||| qw: Do Orc after clearing Dungeon:15 true
     0 | D:1      | 0 ||| qw: Do second Lair branch before Depths: true
     0 | D:1      | 0 ||| qw: Lair rune preference: random
     0 | D:1      | 0 ||| qw: Goals: Normal
     0 | D:1      | 0 ||| PLANNING D:1-11
    21 | D:1      | Reached skill level 3 in Ranged Weapons
    21 | D:1      | Reached XP level 2. HP: 23/23 MP: 2/2
   390 | D:1      | Reached XP level 3. HP: 29/29 MP: 3/3
   788 | D:1      | 788 ||| UPGRADING to +0 pair of boots.
   793 | D:1      | 793 ||| UPGRADING to +0 ring mail.
   803 | D:1      | 803 ||| DROPPING +0 robe.
   804 | D:1      | 804 ||| DROPPING ring of magical power.
   805 | D:1      | 805 ||| READING 2 scrolls labelled WASSEURITA.
   806 | D:1      | 806 ||| READING scroll of enchant armour.
   806 | D:1      | 806 ||| ENCHANTING +0 pair of boots.
   807 | D:1      | 807 ||| READING scroll labelled LIFOJE EPT.
   808 | D:1      | 808 ||| READING scroll labelled LUBRAG SOBEKUH.
   809 | D:1      | 809 ||| DRINKING 2 lumpy coppery potions.
   810 | D:1      | 810 ||| DROPPING scroll of poison.
   910 | D:2      | Reached skill level 4 in Ranged Weapons
   967 | D:2      | Reached skill level 1 in Armour
   972 | D:2      | Reached XP level 4. HP: 24/36 MP: 4/4
  1052 | D:2      | HP: 7/36 [gnoll/+0 halberd (14)]
  1456 | D:2      | 1456 ||| UPGRADING to +6 ring of strength.
  1457 | D:2      | 1457 ||| READING scroll labelled UPPIAXEKHLOT.
  1458 | D:2      | 1458 ||| DRINKING 2 golden potions.
  1459 | D:2      | 1459 ||| READING 2 scrolls of identify.
  1459 | D:2      | 1459 ||| IDENTIFYING white potion
  1954 | D:3      | 1954 ||| FLEEEEING.
  2155 | D:3      | 2155 ||| READING scroll labelled WINAQU GOZERU.
  2160 | D:3      | 2160 ||| READING 3 scrolls of identify.
  2160 | D:3      | 2160 ||| IDENTIFYING fizzy amethyst potion
  2176 | D:4      | Noticed a scorpion
  2178 | D:4      | Killed a scorpion
  2179 | D:4      | Reached skill level 5 in Ranged Weapons
  2179 | D:4      | Reached XP level 5. HP: 41/41 MP: 5/5
  2188 | D:4      | 2188 ||| STAIRDANCE
  2193 | D:3      | Reached skill level 3 in Fighting
  2334 | D:4      | Reached skill level 6 in Ranged Weapons
  2400 | D:4      | Reached XP level 6. HP: 51/51 MP: 6/6
  2687 | D:4      | 2687 ||| READING scroll labelled HICRALAODO.
  2688 | D:4      | 2688 ||| READING 3 scrolls of identify.
  2688 | D:4      | 2688 ||| IDENTIFYING murky cyan potion
  2689 | D:4      | 2689 ||| READING 2 scrolls of identify.
  2689 | D:4      | 2689 ||| IDENTIFYING fuming clear potion
  2690 | D:4      | 2690 ||| DROPPING potion of degeneration.
  2715 | D:5      | Entered Level 5 of the Dungeon
  2716 | D:5      | 2716 ||| Stepping ~*~*~tactically~*~*~ (outnumbered).
  2722 | D:5      | 2722 ||| Stepping ~*~*~tactically~*~*~ (outnumbered).
  2724 | D:5      | HP: 13/52 [orc/+0 hand axe (1)]
  2729 | D:5      | HP: 8/52 [orc priest/+0 short sword (1)]
  2729 | D:5      | HP: 3/52 [orc/+0 hand axe (5)]
  2730 | D:5      | Slain by an orc

Levels and vault maps discovered:
D:1:      dpeg_arrival_solitude, layout_basic
D:2:      layout_rooms, corner_web_ring, minmay_split_cup_small
D:3:      layout_loops_cross, hangedman_decor_slide_cut, grunt_decor_clamped
D:4:      layout_rooms
D:5:      layout_cave_pools, serial_column_ruins, column_ruins_circle_medium,
          column_ruins_temple_circle, column_ruins_open_tiny,
          column_ruins_open_small, column_ruins_open_small,
          column_ruins_corridor_corner, column_ruins_columns_straight,
          column_ruins_open_small

Skill      XL: |  1  2  3  4  5  6 |
---------------+-------------------+-----
Ranged Weapons | 3 4 5 6 |  6.9
Fighting       | 2 3 4 |  4.0
Armour         | 1 |  1.3
Dodging        | |  2.1
Spellcasting   | |  1.0
Hexes          | |  2.0

Action                     |  1- 3 |  4- 6 || total
---------------------------+-------+-------++-------
   Fire: Sling             |    95 |   158 ||   253
    Use: Scroll            |     4 |     7 ||    11
         Potion            |     1 |     1 ||     2
 Armour: Robe              |     7 |       ||     7
         Ring mail         |    28 |    36 ||    64
  Dodge: Dodged            |    37 |    59 ||    96

Table legend:
 A = Non-vault XP
 B = Vault XP
 C = Vault XP percentage of total XP
 D = Non-vault monster count
 E = Vault monster count
 F = Vault count percentage of total count
                 A         B        C        D         E       F
            +---------+---------+-------+---------+---------+-------
      Total |     651 |      16 |   2.4 |      79 |       3 |   3.7
            +---------+---------+-------+---------+---------+-------
        D:1 |      46 |       0 |   0.0 |      22 |       0 |   0.0
        D:2 |      62 |      16 |  20.5 |      21 |       3 |  12.5
        D:3 |      85 |       0 |   0.0 |      17 |       0 |   0.0
        D:4 |     286 |       0 |   0.0 |      16 |       0 |   0.0
        D:5 |     172 |       0 |   0.0 |       3 |       0 |   0.0
            +---------+---------+-------+---------+---------+-------
